 Dungeon Crawl Stone Soup version 0.30-a0-996-ga6910c8ee8 (webtiles) character file.

Game seed: 5916594897681997365

166 Pimp the Shooter (level 5, 0/41 HPs)
             Began as a Barachi Hunter on Apr 4, 2023.
             Slain by an orc
             ... wielding a +0 flail
              (3 damage)
             ... on level 4 of the Dungeon.
             The game lasted 00:07:27 (2359 turns).

Pimp the Shooter (Barachi Hunter)                   Turns: 2359, Time: 00:07:28

Health: 0/41       AC:  6    Str: 13    XL:     5   Next: 47%
Magic:  7/7        EV: 10    Int: 11    God:
Gold:   94         SH:  0    Dex: 15    Spells: 2/7 levels left

rFire   . . .      SeeInvis +    e - +2 mace (heavy)
rCold   . . .      Faith    .    (no shield)
rNeg    . . .      Spirit   .    m - +0 scale mail
rPois   +          Reflect  .    (no helmet)
rElec   .          Rampage  .    (no cloak)
rCorr   .                        (no gloves)
Will    .....                    (no boots) Stlth
                                 (no amulet)
HPRegen 0.26/turn                i - ring of see invisible
MPRegen 0.10/turn                n - ring of poison resistance

@: slow
A: amphibious, slowness 1, strong legs 1, +LOS
a: Hop


You were on level 4 of the Dungeon.
You visited 1 branch of the dungeon, and saw 4 of its levels.

You collected 94 gold pieces.

Inventory:

Hand Weapons
 a - a +0 shortbow
 e - a +2 heavy mace (weapon)
Armour
 c - a +0 leather armour
 m - a +0 scale mail (worn)
Jewellery
 i - a ring of see invisible (left hand)
 n - a ring of poison resistance (right hand)
Wands
 v - a wand of flame (3)
Scrolls
 b - 3 scrolls of immolation
 h - 4 scrolls of identify
 j - a scroll of teleportation
 k - 2 scrolls of brand weapon {unknown}
 o - a scroll of vulnerability {unknown}
 p - a scroll of enchant weapon {unknown}
 s - a scroll of torment {unknown}
 t - a scroll of amnesia {unknown}
 u - a scroll of butterflies {unknown}
 x - a scroll of magic mapping {unknown}
Potions
 d - 2 potions of flight
 f - a potion of lignification
 g - a potion of magic {unknown}
 l - a potion of cancellation {unknown}
 q - a potion of berserk rage {unknown}
 r - a potion of resistance
 w - a potion of degeneration {unknown}
 z - a potion of invisibility {unknown}


   Skills:
 - Level 3.1 Fighting
 - Level 1.4 Maces & Flails
 - Level 4.3 Ranged Weapons
 - Level 1.7 Armour
 - Level 3.1 Dodging
 - Level 1.1 Stealth
 + Level 1.7 Spellcasting
 * Level 2.0 Poison Magic


You had 2 spell levels left.
You knew the following spells:

 Your Spells              Type           Power      Damage    Failure   Level
a - Sting                 Tmut/Pois      12%        1d3       67%         1
b - Olgreb's Toxic Radia  Pois           5%         N/A       99%         4

Your spell library contained the following spells:

 Spells                   Type           Power      Damage    Failure   Level
 Poisonous Vapours        Pois/Air       6%         N/A       80%         2
 Blade Hands              Tmut           0%         N/A       100%        5
 Irradiate                Conj/Tmut      0%         3d11      100%        5
 Dragon Form              Tmut           0%         N/A       100%        7


Dungeon Overview and Level Annotations

Branches:
Dungeon (4/15)
 Temple: D:4-7

Altars:
Okawaru
Qazlal
Ru

Annotations:
D:3 Sigmund


Innate Abilities, Weirdness & Mutations

You are amphibious.
You cover ground slowly.
You can hop short distances.
You have an extended range of vision and can be seen from far away.


Message History

Things that are here:
a +0 short sword; a +0 ring mail; an orc corpse You start resting.
A hobgoblin comes into view. It is wielding a +0 club.
The hobgoblin shouts!
You hear a shout! x2
A kobold comes into view. It is wielding a +0 club.
A hobgoblin comes into view. It is wielding a +0 club.
Something unseen opens the door.
An orc comes into view. It is wielding a +0 club.
You hear the brisk hiss of an avalanche of sand nearby.
You see here a potion of flight.
d - 2 potions of flight (gained 1)
The kobold hits you but does no damage.
You sock the kobold!
You kill the kobold!
Things that are here:
a +0 dagger; a kobold corpse An orc priest comes into view.
It is wielding a +0 flail.
The orc priest moves out of view.
The kobold shouts!
You hear a shout!
The hobgoblin shouts!
You hear a shout!
An orc comes into view. It is wielding a +0 flail.
A kobold comes into view. It is wielding a +0 dagger.
The orc shouts! x2
An orc comes into view. It is wielding a +0 dagger.
The orc priest invokes the aid of Beogh against you.
Pain shoots through your body!
An orc comes into view. It is wielding a +0 mace.
The orc shouts!
You sock the orc priest!
The orc priest is almost dead.
The orc priest invokes the aid of Beogh against you.
Beogh smites you!
* * * LOW HITPOINT WARNING * * *
The hobgoblin barely misses you.
A kobold comes into view. It is wielding a +0 club.
The orc priest hits you with a +0 flail.
* * * LOW HITPOINT WARNING * * *
The orc hits you with a +0 flail.
You die...

.. ... ..K #######
#o# #....<#.o?
#.....#K##
######......K~#
#........oo.~~#
#........@g.~~#
#......###.~~~≈#
#...)..# #.~~≈≈#.. §
######## #.~~~~#..# §
#..~~##..# #####
##.~~# ## ...## .~##
#########..#####...~#
...........s..?..!..#


You could see an orc priest, 3 orcs, a hobgoblin and 3 kobolds.

Vanquished Creatures
  A jelly (D:3)
  A gnoll (D:2)
  4 adders
  2 worms (D:2)
  2 dart slugs
  4 orcs
  7 ball pythons
  8 endoplasms
  3 giant cockroaches
  6 goblins
  9 hobgoblins
  A jackal (D:1)
  6 kobolds
  7 quokkas
  7 bats
  6 rats
74 creatures vanquished.

Vanquished Creatures (others)
  A scorpion (D:4)
  A ball python (D:4)
2 creatures vanquished.

Grand Total: 76 creatures vanquished

Notes
Turn   | Place    | Note
-------+----------+-------------------------------------------
     0 | D:1      | Pimp the Barachi Hunter began the quest for the Orb.
     0 | D:1      | Reached XP level 1. HP: 17/17 MP: 1/1
    41 | D:1      | Reached skill level 1 in Stealth
   126 | D:1      | Reached XP level 2. HP: 23/23 MP: 2/2
   447 | D:1      | You fall into a shaft and drop 1 floor!
   474 | D:2      | Found a sacrificial altar of Ru.
   556 | D:1      | Reached XP level 3. HP: 28/28 MP: 3/3
   562 | D:1      | Reached skill level 1 in Armour
  1184 | D:2      | Reached skill level 1 in Maces & Flails
  1184 | D:2      | Reached XP level 4. HP: 31/35 MP: 3/5
  1503 | D:2      | Reached skill level 1 in Spellcasting
  1870 | D:3      | Learned a level 1 spell: Sting
  1875 | D:3      | Learned a level 4 spell: Olgreb's Toxic Radiance
  1977 | D:3      | Reached skill level 1 in Poison Magic
  1977 | D:3      | Reached XP level 5. HP: 41/41 MP: 5/7
  2086 | D:3      | Noticed Sigmund
  2131 | D:4      | Found an iron altar of Okawaru.
  2195 | D:4      | Found a stormy altar of Qazlal.
  2359 | D:4      | Slain by an orc

Illustrated notes

Levels and vault maps discovered:
D:1:      erik_arrival_cave_to_civilisation [erik_arrival_cave_to_hall],
          layout_basic
D:2:      layout_rooms, basic_altar, grunt_decor_resistance,
          minmay_fractal_squares_gapless_5
D:3:      layout_loops_corners, nemelex_spade_bored_becter,
          mainiacjoe_overflow_concentric_impassable, minmay_misc_feat_iff,
          uniq_sigmund
D:4:      cheibrodos_thug_alley, layout_basic,
          mainiacjoe_overflow_cross_hatched, kennysheep_little_box,
          nicolae_ossuary_entry_catacombs, lemuel_flame_loot_1, uniq_grinder

Skill      XL: |  1  2  3  4  5 |
---------------+----------------+-----
Stealth        | 1 |  1.1
Armour         | 1 |  1.7
Fighting       | 3 |  3.1
Maces & Flails | 1 |  1.4
Dodging        | 3 |  3.1
Spellcasting   | 1 |  1.7
Poison Magic   | 1 2 |  2.0
Ranged Weapons | |  4.3

Action                     |  1- 3 |  4- 6 || total
---------------------------+-------+-------++-------
  Melee: Mace              |    67 |    59 ||   126
         Punch             |       |     1 ||     1
   Fire: Shortbow          |    15 |    17 ||    32
    Use: Scroll            |     3 |     1 ||     4
 Armour: Leather armour    |    27 |       ||    27
         Scale mail        |    22 |    23 ||    45
  Dodge: Dodged            |    81 |    47 ||   128

Table legend: (Time is in decaauts)
 A = Elapsed time spent in this place.
 B = Non-inter-level travel time spent in this place.
 C = Inter-level travel time spent in this place.
 D = Time resting spent in this place.
 E = Time spent auto-exploring this place.
 F = Levels seen in this place.
 G = Mean time per level.
                   A        B        C        D        E       F      G
               +--------+--------+--------+--------+--------+-----+--------+
         Total |   2821 |   2728 |     93 |    375 |   1565 |   4 |  705.2 |
       Dungeon |   2821 |   2728 |     93 |    375 |   1565 |   4 |  705.2 |
               +--------+--------+--------+--------+--------+-----+--------+

Top non-repeatable levels by time:
     D:1: 1225 daAuts
     D:2: 992 daAuts
     D:4: 317 daAuts
     D:3: 287 daAuts
